 Dungeon Crawl Stone Soup version 0.27-a0-200-g8ba017916c (webtiles) character file.

Game seed: 15179211387073860548

1832 kae the Cleaver (level 9, -7/79 HPs)
             Began as a Hill Orc Fighter on Jan 29, 2021.
             Was an Initiate of Qazlal.
             Killed by divine providence
             ... invoked by an orc priest
              (14 damage)
             ... on level 6 of the Dungeon.
             The game lasted 00:03:56 (6438 turns).

kae the Cleaver (Hill Orc Fighter)                  Turns: 6438, Time: 00:03:56

Health: -7/79      AC: 12    Str: 22    XL:     9   Next: 11%
Magic:  10/10      EV:  9    Int:  8    God:    Qazlal [......]
Gold:   191        SH:  9    Dex: 10    Spells: 8/8 levels left

rFire    . . .     SeeInvis .   a - +0 war axe
rCold    . . .     Faith    .   c - +0 kite shield
rNeg     . . .     Spirit   .   b - +1 scale mail
rPois    .         Reflect  .   (no helmet)
rElec    .         Harm     .   (no cloak)
rCorr    .         Rampage  .   (no gloves)
Will     .....                  (no boots)
Stlth    ..........             q - amulet of the acrobat
HPRegen  0.23/turn              h - +4 ring of protection
MPRegen  0.12/turn              (no ring)

@: no status effects
A: no striking features
a: Renounce Religion, Convert to Beogh


You were on level 6 of the Dungeon.
You worshipped Qazlal.
Qazlal was noncommittal.
You visited 2 branches of the dungeon, and saw 7 of its levels.

You collected 348 gold pieces.
You spent 157 gold pieces at shops.

Inventory:

Hand Weapons
 a - a +0 war axe (weapon)
Armour
 b - a +1 scale mail (worn)
 c - a +0 kite shield (worn)
Jewellery
 f - an uncursed amulet of magic regeneration
 h - a +4 ring of protection (left hand)
 q - an amulet of the acrobat (around neck)
Wands
 p - a wand of acid (5)
 v - a wand of flame (33)
 y - a wand of digging (2)
 C - a wand of iceblast (11)
Scrolls
 e - 2 scrolls of remove curse
 k - 4 scrolls of amnesia
 r - a scroll of enchant armour
 s - a scroll of teleportation
 w - a scroll of fear
Potions
 d - 2 potions of might
 g - 2 potions of haste
 i - a potion of berserk rage
 j - a potion of lignification
 l - 2 potions of flight
 m - 3 potions of attraction
 n - 4 potions of brilliance
 u - a potion of cancellation
 z - 3 potions of magic
 A - 2 potions of heal wounds
 B - 2 potions of curing
 D - 3 potions of ambrosia


   Skills:
 + Level 7.1 Fighting
 * Level 9.7 Axes
 + Level 6.5 Armour
 + Level 4.0 Dodging
 - Level 3.2 Shields
 * Level 1.8 Invocations


You had 8 spell levels left.
You didn't know any spells.
Your spell library contained the following spells:

 Spells                   Type           Power        Failure   Level
 Freeze                   Ice            0%           99%         1
 Frozen Ramparts          Ice            0%           100%        3
 Ozocubu's Armour         Ice            0%           100%        3
 Hailstorm                Conj/Ice       0%           100%        4
 Summon Ice Beast         Ice/Summ       0%           100%        4


Dungeon Overview and Level Annotations

Branches:
Dungeon (6/15)             Temple (1/1) D:6

Altars:
Ashenzari
Cheibriados
Dithmenos
Elyvilon
Fedhas
Gozag
Hepliaklqana
Kikubaaqudgha
Makhleb
Nemelex Xobeh
Okawaru
Qazlal
Ru
Sif Muna
Trog
Uskayaw
Vehumet
Wu Jian
Xom
Yredelemnul
Zin
The Shining One

Shops:
D:4 !   D:5 =


Message History

The orc priest is severely wounded.
You closely miss the orc warrior. You closely miss the orc.
You block the orc warrior's attack. The orc priest completely misses you.
The orc barely misses you.
You hit the orc priest but do no damage.
The orc priest is severely wounded.
You closely miss the orc warrior. You barely miss the orc.
The orc warrior hits you with a +0 war axe.
* * * LOW HITPOINT WARNING * * *
The orc priest hits you but does no damage.
The orc barely misses you.
You barely miss the orc priest.
The orc priest threatens, "By the altar or by the axe, you will meet Beogh!"
The orc priest is severely wounded.
You closely miss the orc.
You hit the orc warrior but do no damage.
The orc warrior hits you but does no damage.
The orc priest invokes the aid of Beogh against you.
Beogh smites you!
You die...

####### ### ## #.....#
######....
.####.....#####.oo...#.#
.....[..........@o......
.##.......##.##.)##..#.#
.##.#.....##.##..# ..#
##........##.##..# #
..##......##.##...
##..#.....##.##....
..#..#.......##.....
##.#.#..........#####
..#.#.#......##.# ##


You could see an orc warrior, an orc priest and an orc.

Vanquished Creatures
  An orc warrior (D:4)
  A sky beast (D:5)
  2 ice beasts
  2 necrophages
  2 centaurs (D:6)
  3 phantoms
  A bullfrog (D:5)
  A vampire bat (D:5)
  A howler monkey (D:4)
  4 hounds
  2 centaur skeletons (D:4)
  2 orc priests
  3 iguanas
  4 worker ants
  Terence (D:3)
  3 orc wizards (D:5)
  A hound zombie (D:5)
  4 gnolls (D:4)
  6 adders
  2 white imps
  An ufetubus (D:6)
  An adder skeleton (D:4)
  An adder zombie (D:5)
  A worm (D:2)
  12 orcs
  14 bats
  5 giant cockroaches
  5 goblins
  8 hobgoblins
  3 kobolds
  3 quokkas
  2 ball pythons
  A ball python skeleton (D:3)
  3 frilled lizards
  A leopard gecko skeleton (D:4)
  A quokka skeleton (D:5)
  A quokka zombie (D:6)
  8 rats
117 creatures vanquished.

Notes
Turn   | Place    | Note
-------+----------+-------------------------------------------
     0 | D:1      | kae the Hill Orc Fighter began the quest for the Orb.
     0 | D:1      | Reached XP level 1. HP: 19/19 MP: 1/1
   192 | D:1      | Reached skill level 3 in Axes
   224 | D:1      | Reached XP level 2. HP: 25/27 MP: 2/2
   998 | D:2      | Reached XP level 3. HP: 14/33 MP: 3/3
  1678 | D:3      | Reached skill level 4 in Axes
  1733 | D:3      | Reached skill level 1 in Dodging
  1866 | D:3      | Reached XP level 4. HP: 40/40 MP: 4/4
  2075 | D:3      | Found a shimmering blue altar of Sif Muna.
  2113 | D:3      | You fall into a shaft and drop 1 floor!
  2218 | D:4      | Noticed a phantom
  2253 | D:4      | Killed a phantom
  2254 | D:4      | Reached skill level 5 in Axes
  2254 | D:4      | Reached XP level 5. HP: 42/47 MP: 5/5
  2350 | D:4      | Reached XP level 6. HP: 23/53 MP: 6/6
  2781 | D:3      | Noticed Terence
  2793 | D:3      | Killed Terence
  3141 | D:4      | Reached skill level 5 in Fighting
  3141 | D:4      | Reached skill level 6 in Axes
  3302 | D:4      | Found Qahoenega's Distillery.
  3311 | D:4      | Bought a potion of heal wounds for 60 gold pieces
  3311 | D:4      | Bought a potion of degeneration for 12 gold pieces
  3311 | D:4      | Bought a potion of curing for 36 gold pieces
  3451 | D:4      | Reached XP level 7. HP: 56/61 MP: 7/7
  3781 | D:5      | Entered Level 5 of the Dungeon
  4067 | D:4      | Reached skill level 7 in Axes
  4067 | D:4      | Reached skill level 5 in Armour
  4289 | D:5      | Reached XP level 8. HP: 52/70 MP: 8/8
  4304 | D:5      | Reached skill level 8 in Axes
  5096 | D:5      | Found Ceunisu's Jewellery Boutique.
  5123 | D:5      | Reached skill level 9 in Axes
  5180 | D:5      | Bought a cursed ring of teleportation for 49 gold pieces
  5620 | D:6      | Noticed a +0 hand axe
  5620 | D:6      | Noticed a +0 dagger
  5840 | D:6      | Found a hide-covered altar of Uskayaw.
  5870 | D:6      | Found a staircase to the Ecumenical Temple.
  5884 | D:6      | Reached XP level 9. HP: 78/78 MP: 9/9
  5900 | Temple   | Entered the Ecumenical Temple
  5941 | Temple   | Became a worshipper of Qazlal Stormbringer
  6246 | D:6      | Reached skill level 1 in Invocations
  6438 | D:6      | Killed from afar by an orc priest

Illustrated notes

Levels and vault maps discovered:
D:1:      minmay_arrival_plants_in_alcoves, layout_loops_cross
D:2:      layout_loops_cross
D:3:      layout_basic, chequers_serial_rivers_micro_d, led_sif_pool,
          uniq_terence
D:4:      layout_basic, serial_shops, nicolae_shop_competitors_out_of_business
D:5:      layout_cave_pools, serial_shops, kennysheep_mini, roderic_batcave
D:6:      layout_basic, dancing_weapons_uskayaw, minmay_temple_entry_steel_oval,
          minmay_misc_feat_more_columns, minivault_24
Temple:   nicolae_temple_the_god_donut

Skill      XL: |  1  2  3  4  5  6  7  8  9 |
---------------+----------------------------+-----
Axes           | 3 4 5 6 7 9 |  9.7
Fighting       | 4 5 6 7 |  7.1
Dodging        | 1 2 3 4 |  4.0
Armour         | 4 5 6 |  6.5
Invocations    | 1 |  1.8
Shields        | |  3.2

Action                   |  1- 3 |  4- 6 |  7- 9 || total
-------------------------+-------+-------+-------++-------
Melee: War axe           |    92 |   131 |   212 ||   435
  Use: Scroll            |     9 |       |     8 ||    17
Armor: Scale mail        |    59 |    61 |   108 ||   228
Dodge: Dodged            |    30 |    42 |    84 ||   156
Block: Kite shield       |    59 |    58 |   117 ||   234

Table legend: (Time is in decaauts)
 A = Elapsed time spent in this place.
 B = Non-inter-level travel time spent in this place.
 C = Inter-level travel time spent in this place.
 D = Time resting spent in this place.
 E = Time spent auto-exploring this place.
 F = Levels seen in this place.
 G = Mean time per level.
                   A        B        C        D        E       F      G
               +--------+--------+--------+--------+--------+-----+--------+
         Total |   6628 |   6327 |    301 |   1347 |   3868 |   7 |  946.9 |
       Dungeon |   6311 |   6035 |    276 |   1347 |   3591 |   6 | 1051.8 |
        Temple |    316 |    292 |     24 |      0 |    277 |   1 |  316.0 |
               +--------+--------+--------+--------+--------+-----+--------+

Top non-repeatable levels by time:
     D:4: 1584 daAuts
     D:3: 1401 daAuts
     D:5: 1037 daAuts
     D:2: 846 daAuts
     D:1: 836 daAuts
     D:6: 605 daAuts
  Temple: 316 daAuts
